 Dungeon Crawl Stone Soup version 0.32-a0-132-g2d33c3cfaf (webtiles) character file.

Game seed: 8108577941731020404

33 senseless the Scratcher (level 3, -1/18 HPs)
             Began as a Felid Shapeshifter on Feb 9, 2024.
             Slain by a kobold
             ... wielding a +0 whip
              (4 damage)
             ... on level 2 of the Dungeon.
             The game lasted 00:01:43 (748 turns).

senseless the Scratcher (Felid Shapeshifter)         Turns: 748, Time: 00:01:43

Health: -1/18      AC:  1    Str: 10    XL:     3   Next: 12%
Magic:  4/4        EV: 18    Int: 13    God:
Gold:   71         SH:  0    Dex: 17    Spells: 2/2 levels left
                                        Lives:  0   Deaths: 1

rFire   . .          .
                       - Unarmed
rCold   . . .        (shield unavailable)
rNeg    . . .        (body armour unavailable)
rPois   .            (helmet unavailable)
rElec   .            (cloak unavailable)
rCorr   .            (gloves unavailable)
SInv    +            (boots unavailable)
Will    .....        (no amulet)
Stlth   ++           (no ring)
HPRegen 0.23/turn    (no ring)
MPRegen 0.09/turn

%: no passive effects
@: beast-form
A: beast (slay +1), very small, claws 1, fangs 3, see invisible, shaggy fur 1,
stealthy paws, no weapons or thrown items, no armour, multi-lived
a: Begin Untransformation


You were on level 2 of the Dungeon.
You were a hulking beast.
You visited 1 branch of the dungeon, and saw 2 of its levels.

You collected 71 gold pieces.

Inventory:

Talismans
 b - a beast talisman
 c - a flux talisman
Potions
 h - a potion of curing {unknown}
 k - a potion of resistance {unknown}


   Skills:
 * Level 1.5 Fighting
 * Level 3.1 Dodging
 + Level 1.4 Stealth
 * Level 3.2 Unarmed Combat
 * Level 3.0 Shapeshifting


You had 2 spell levels left.
You didn't know any spells.
Your spell library contained the following spells:

 Spells                   Type           Power      Damage    Failure   Level
 Magic Dart               Conj           0%         1d3       30%         1
 Blink                    Tloc           0%         N/A       43%         2
 Call Imp                 Summ           0%         N/A       43%         2
 Passage of Golubria      Tloc           0%         N/A       97%         4
 Silence                  Hex/Air        0%         N/A       100%        5
 Lehudib's Crystal Spear  Conj/Erth      0%         10d2      100%        8


Dungeon Overview and Level Annotations

Branches:
Dungeon (2/15)

Altars:

Annotations:
D:2 Robin


Innate Abilities, Weirdness & Mutations

You are a hulking beast.
Your limbs bulge with bestial killing power. (Slay +1)
You have sharp claws.
You have razor-sharp teeth.
You have supernaturally acute eyesight. (SInv)
You are covered in fur. (AC +1)
Your paws help you pounce on unaware monsters.
You are incapable of wielding weapons or throwing items.
You cannot wear armour.
You gain extra lives every three experience levels.


Message History

You hear a shout!
You scratch Robin but do no damage. Your bite misses Robin.
Robin is lightly wounded.
A kobold comes into view. It is wielding a +0 whip.
Robin barely misses you.
You scratch Robin.
Robin is heavily wounded.
The kobold hits you but does no damage. Robin hits you with a +0 club.
You scratch Robin.
Robin is severely wounded.
The kobold misses you. Robin closely misses you.
The goblin hits you with a +0 dagger.
You are too injured to fight recklessly!
You are too injured to fight recklessly!
You are too injured to fight recklessly!
You are too injured to fight recklessly!
You are too injured to fight recklessly!
You are too injured to fight recklessly!
You are too injured to fight recklessly!
You are too injured to fight recklessly!
You are too injured to fight recklessly!
You are too injured to fight recklessly!
You are too injured to fight recklessly!
You are too injured to fight recklessly!
You are too injured to fight recklessly!
You are too injured to fight recklessly!
You are too injured to fight recklessly!
You are too injured to fight recklessly!
You are too injured to fight recklessly!
You claw the goblin!
You kill the goblin!
The kobold hits you with a +0 whip.
* * * LOW HITPOINT WARNING * * *
Robin roars a battlecry!
The goblins go into a battle-frenzy!
Unknown command.
You barely miss Robin.
Robin is severely wounded.
The kobold hits you with a +0 whip.
You die...

#.....#.#
#.###.#.#
#.# #.#.#
#.# #.#.#
..###.#.####
#........#
#.#.#.##.#
#)#.# ..
#h#.. ##
#.Kg####
##.g# #..#
#.g# #... .#
#.## .# #%
.. .#


You could see Robin, 2 goblins and a kobold.

Vanquished Creatures
  An endoplasm (D:1)
  A giant cockroach (D:2)
  12 goblins
  3 hobgoblins
  2 quokkas (D:1)
  A ball python (D:1)
  3 bats (D:1)
  4 frilled lizards (D:1)
  A rat (D:1)
28 creatures vanquished.

Notes
Turn   | Place    | Note
-------+----------+-------------------------------------------
     0 | D:1      | senseless the Felid Shapeshifter began the quest for the
                  | Orb.
     0 | D:1      | Reached XP level 1. HP: 10/10 MP: 2/2
   196 | D:1      | Reached XP level 2. HP: 14/14 MP: 3/3
   414 | D:1      | Found a faded altar of an unknown god.
   703 | D:2      | Noticed Robin
   705 | D:2      | Reached skill level 1 in Stealth
   710 | D:2      | Reached XP level 3. HP: 13/18 MP: 4/4
   716 | D:2      | HP: 1/27 [goblin/+0 dagger[Robin] (3)]
   717 | D:2      | Slain by a goblin
   717 | D:2      | Lost a life (0 lives remaining)
   748 | D:2      | Slain by a kobold

Illustrated notes

Levels and vault maps discovered:
D:1:      ncdulo_lavacross, layout_basic, shapermc_ecumenical_altar_hornbeckon
D:2:      layout_loops_ring, minmay_strange_pillars, uniq_natasha, uniq_robin

Skill      XL: |  1  2 |
---------------+-------+-----
Dodging        | 3 |  3.1
Stealth        | 1 |  1.4
Shapeshifting  | 3 |  3.0
Fighting       | |  1.5
Unarmed Combat | |  3.2

Action                     || total
---------------------------++-------
  Melee: Unarmed           ||    67
         Bite              ||     3
         Punch             ||     1
    Use: Scroll            ||     5
         Potion            ||     2
   Stab: Sleeping          ||     4
         Distracted        ||     1
 Armour: Skin              ||    37
  Dodge: Dodged            ||    43

Table legend: (Time is in decaauts)
 A = Elapsed time spent in this place.
 B = Non-inter-level travel time spent in this place.
 C = Inter-level travel time spent in this place.
 D = Time resting spent in this place.
 E = Time spent auto-exploring this place.
 F = Levels seen in this place.
 G = Mean time per level.
                   A        B        C        D        E       F      G
               +--------+--------+--------+--------+--------+-----+--------+
         Total |    751 |    744 |      7 |    142 |    462 |   2 |  375.5 |
       Dungeon |    751 |    744 |      7 |    142 |    462 |   2 |  375.5 |
               +--------+--------+--------+--------+--------+-----+--------+

Top non-repeatable levels by time:
     D:1: 533 daAuts
     D:2: 218 daAuts
